Rampage vs Ice Caps

Created - Friday, December 19, 2014 at 23:18

Goals
1 2 3 T
Rampage 0 0 1 1
Ice Caps 1 1 2 4
Shots
1 2 3 T
Rampage 6 6 12 24
Ice Caps 7 6 14 27

1st period

1. Ice Caps , Corey Cowick 2 (Rylan Schwartz, Kory Nagy) at 3:32

Penalties :
Daniil Tarasov (STJ) for Tripping (Minor) at 0:42

2nd period

2. Ice Caps , Garret Ross 5 (Daniil Tarasov) at 16:37

Penalties :
Cody Beach (STJ) for Holding (Minor) at 17:58

3rd period

3. Rampage , Mikael Samuelsson 4 (John Persson) at 0:45 (PP)
4. Ice Caps , Daniil Tarasov 10 (Klas Dahlbeck) at 1:33
5. Ice Caps , Daniil Tarasov 11 (Garret Ross, Seth Helgeson) at 17:37

Penalties :
Daniil Tarasov (STJ) for Tripping (Minor) at 0:43, Seth Helgeson (STJ) for Fighting (Major) at 3:27, Andrey Pedan (SAN) for Fighting (Major) at 3:27, Kory Nagy (STJ) for Tripping (Minor) at 8:16

Goalie Stats

Mike Murphy (SAN), 23 saves from 27 shots - (0.852), L, 4-15-1, 60:00 minutes
Nathan Lieuwen (STJ), 23 saves from 24 shots - (0.958), W, 18-3-9, 60:00 minutes

Players Stats for Rampage

Player Name              G  A  P  +/- PIM S  H  SB GA TA FO     MP     PP MP  PK MP  
------------------------------------------------------------------------------------
Adam Almquist            0  0  0  -1  0   1  0  1  0  0  0/0    13:02   0:28   0:00 
Andrei Loktionov         0  0  0  -1  0   2  0  0  3  1  1/2    18:22   0:00   0:00 
Andrey Pedan             0  0  0  -1  5   0  2  2  0  0  0/0    20:44   3:11   0:00 
Calle Jarnkrok           0  0  0  -1  0   4  0  2  2  0  8/11   18:22   0:00   0:00 
Charles-Olivier Roussel  0  0  0  -2  0   1  1  2  0  0  0/0    25:06   2:20   0:00 
Danny Kristo             0  0  0  -1  0   0  2  0  2  1  0/0    10:00   0:00   0:00 
Eric Boulton             0  0  0   0  0   0  4  0  0  0  0/0    17:17   3:24   0:00 
Johan Sundstrom          0  0  0   0  0   0  0  0  0  0  0/0     2:44   0:00   0:00 
John Persson             0  1  1  -2  0   1  2  0  2  0  2/4    17:15   2:43   0:00 
Jordan Nolan             0  0  0   0  0   0  0  0  0  0  0/0     2:26   0:00   0:00 
Keith Aulie              0  0  0  -2  0   1  0  0  0  0  0/0    13:25   0:00   0:00 
Martin Frk               0  0  0  -1  0   1  3  0  0  1  1/1    20:10   2:54   0:00 
Matt D'Agostini          0  0  0  -1  0   4  1  0  4  1  1/5    21:00   3:01   0:00 
Matt Puempel             0  0  0  -2  0   0  3  0  2  0  0/0    21:29   2:57   0:00 
Mikael Samuelsson        1  0  1  -3  0   9  0  0  3  2  1/6    20:32   2:12   0:00 
Nick Tuzzolino           0  0  0  -1  0   0  3  0  0  0  0/0    23:13   2:20   0:00 
Ryan Potulny             0  0  0   0  0   0  0  1  0  1  0/3    10:23   0:46   0:00 
Will O'Neill             0  0  0  -1  0   0  1  1  1  1  0/0    24:29   3:39   0:00 

Players Stats for Ice Caps

Player Name              G  A  P  +/- PIM S  H  SB GA TA FO     MP     PP MP  PK MP  
------------------------------------------------------------------------------------
Brandon Davidson         0  0  0   1  0   2  3  1  1  0  0/0    21:29   0:00   3:46 
Cody Beach               0  0  0   0  2   2  0  1  1  1  0/0    15:53   0:00   0:00 
Colin Smith              0  0  0   1  0   4  2  0  1  0  6/10   16:29   0:00   0:00 
Corey Cowick             1  0  1   1  0   1  1  0  3  2  1/1    17:28   0:00   0:45 
Daniil Tarasov           2  1  3   3  4   6  1  0  1  0  0/0    18:58   0:00   0:15 
Drew Olson               0  0  0   0  0   0  0  1  0  0  0/0     2:26   0:00   0:00 
Garret Ross              1  1  2   3  0   3  1  0  3  0  0/0    19:34   0:00   3:51 
Greg McKegg              0  0  0   2  0   0  1  0  0  1  8/14   21:15   0:00   3:12 
Joel Edmundson           0  0  0   1  0   0  0  1  0  0  0/0    15:38   0:00   0:00 
Klas Dahlbeck            0  1  1   2  0   3  2  1  0  2  0/0    25:20   0:00   3:46 
Kory Nagy                0  1  1   1  2   0  1  0  0  2  0/0    16:56   0:00   0:00 
Michael Schumacher       0  0  0   0  0   2  3  0  4  1  0/0    15:33   0:00   0:00 
Rasmus Rissanen          0  0  0   1  0   0  1  0  0  0  0/0    15:38   0:00   0:00 
Riley Wetmore            0  0  0   0  0   3  1  0  0  1  0/2    12:28   0:00   2:40 
Rylan Schwartz           0  1  1   1  0   1  5  0  1  1  3/5    17:47   0:00   1:15 
Scott Mayfield           0  0  0   2  0   0  2  2  1  0  0/0    23:23   0:00   2:13 
Seth Helgeson            0  1  1   1  5   0  3  0  0  0  0/0    17:47   0:00   2:19 
Travis Ewanyk            0  0  0   0  0   0  0  0  0  0  0/0     0:00   0:00   0:00 

3 Stars

1 - Daniil Tarasov (STJ)
2 - Garret Ross (STJ)
3 - Nathan Lieuwen (STJ)

Power Play

Rampage - 1 on 4 Attempt(s) - 25.00%
Ice Caps - 0 on 0 Attempt(s) - 0.00%

Penalty Kill

Rampage - 0 on 0 Attempt(s) - 0.00% - Score 0 goal in Penalty Kill
Ice Caps - 3 on 4 Attempt(s) - 75.00% - Score 0 goal in Penalty Kill

Official

Referees : Unknown
Linesman : Unknown

Game Notes

Andrey Pedan beats up Seth Helgeson at 3:27 of 3rd period

Finance

Level 1 -- Attendance: 1555 (77.75%) -- Ticket Income $54,425
Level 2 -- Attendance: 736 (73.60%) -- Ticket Income $11,040
Total Attendance: 2291 (76.37%)
Total Ticket Income: $65,465
Other Income: $32,078
Total Income: $97,543

Rampage

5 vs 5 Forward 
   Center                   Left Wing                Right Wing               Time % Phy DF OF 
 1 Mikael Samuelsson        Matt Puempel             Matt D'Agostini          35     1   2  2  
 2 Calle Jarnkrok           Andrei Loktionov         Martin Frk               30     1   2  2  
 3 Matt D'Agostini          Eric Boulton             Mikael Samuelsson        22     1   2  2  
 4 Mikael Samuelsson        John Persson             Matt Puempel             13     1   2  2  

5 vs 5 Defense 
   Defense                  Defense                                           Time % Phy DF OF 
 1 Will O'Neill             Nick Tuzzolino                                    35     1   2  2  
 2 Charles-Olivier Roussel  Andrey Pedan                                      30     1   2  2  
 3 Charles-Olivier Roussel  Andrey Pedan                                      22     1   2  2  
 4 Charles-Olivier Roussel  Keith Aulie                                       13     1   2  2  

PowerPlay Forward 
   Center                   Left Wing                Right Wing               Time % Phy DF OF 
 1 Matt D'Agostini          Matt Puempel             Eric Boulton             60     1   2  2  
 2 John Persson             Mikael Samuelsson        Martin Frk               40     1   2  2  

PowerPlay Defense
   Defense                  Defense                                           Time % Phy DF OF 
 1 Andrey Pedan             Will O'Neill                                      60     1   2  2  
 2 Charles-Olivier Roussel  Nick Tuzzolino                                    40     1   2  2  

Penalty Kill 4 Players Forward 
   Center                   Wing                     Time % Phy DF OF 
 1 Eric Boulton             John Persson             60     1   2  2  
 2 Matt Puempel             Matt D'Agostini          40     1   2  2  

Penalty Kill 4 Players Defense
   Defense                  Defense                  Time % Phy DF OF 
 1 Will O'Neill             Nick Tuzzolino           60     1   2  2  
 2 Charles-Olivier Roussel  Andrey Pedan             40     1   2  2  

Penalty Kill - 3 Players Forward 
   Forward                                           Time % Phy DF OF 
 1 Eric Boulton                                      60     1   2  2  
 2 Matt Puempel                                      40     1   2  2  

Penalty Kill - 3 Players Defense
   Defense                  Defense                  Time % Phy DF OF 
 1 Will O'Neill             Nick Tuzzolino           60     1   2  2  
 2 Charles-Olivier Roussel  Andrey Pedan             40     1   2  2  

4 vs 4 Forward 
   Center                   Wing                     Time % Phy DF OF 
 1 John Persson             Eric Boulton             60     1   2  2  
 2 Matt Puempel             Mikael Samuelsson        40     1   2  2  

4 vs 4 Defense
   Defense                  Defense                  Time % Phy DF OF 
 1 Andrey Pedan             Nick Tuzzolino           60     1   2  2  
 2 Charles-Olivier Roussel  Will O'Neill             40     1   2  2  

Last Minutes Offensive
   Center                   Left Wing                Right Wing               Defense                  Defense                  
   Mikael Samuelsson        Matt Puempel             Matt D'Agostini          Charles-Olivier Roussel  Will O'Neill             

Last Minutes Defensive
   Center                   Left Wing                Right Wing               Defense                  Defense                  
   Mikael Samuelsson        Matt Puempel             Matt D'Agostini          Charles-Olivier Roussel  Will O'Neill             

Goaltenders
Starting : Mike Murphy              
Backup : Matt Hackett             

Extra Forwards
Normal : Eric Boulton, John Persson, Matt Puempel - PP : Eric Boulton, John Persson - PK : Matt Puempel
Extra Defensemen
Normal : Charles-Olivier Roussel, Andrey Pedan, Nick Tuzzolino - PP : Charles-Olivier Roussel - PK : Charles-Olivier Roussel, Andrey Pedan
Penalty Shots
John Persson, Mikael Samuelsson, Matt Puempel, Matt D'Agostini, Eric Boulton

Ice Caps

5 vs 5 Forward 
   Center                   Left Wing                Right Wing               Time % Phy DF OF 
 1 Greg McKegg              Garret Ross              Daniil Tarasov           35     1   2  2  
 2 Rylan Schwartz           Corey Cowick             Kory Nagy                30     1   2  2  
 3 Colin Smith              Michael Schumacher       Cody Beach               22     1   2  2  
 4 Riley Wetmore            Daniil Tarasov           Greg McKegg              13     1   2  2  

5 vs 5 Defense 
   Defense                  Defense                                           Time % Phy DF OF 
 1 Klas Dahlbeck            Brandon Davidson                                  35     1   2  2  
 2 Scott Mayfield           Seth Helgeson                                     30     1   2  2  
 3 Rasmus Rissanen          Joel Edmundson                                    22     1   2  2  
 4 Scott Mayfield           Klas Dahlbeck                                     13     1   2  2  

PowerPlay Forward 
   Center                   Left Wing                Right Wing               Time % Phy DF OF 
 1 Greg McKegg              Garret Ross              Daniil Tarasov           60     1   2  2  
 2 Rylan Schwartz           Corey Cowick             Kory Nagy                40     1   2  2  

PowerPlay Defense
   Defense                  Defense                                           Time % Phy DF OF 
 1 Klas Dahlbeck            Brandon Davidson                                  60     1   2  2  
 2 Scott Mayfield           Seth Helgeson                                     40     1   2  2  

Penalty Kill 4 Players Forward 
   Center                   Wing                     Time % Phy DF OF 
 1 Greg McKegg              Garret Ross              60     1   2  2  
 2 Daniil Tarasov           Rylan Schwartz           40     1   2  2  

Penalty Kill 4 Players Defense
   Defense                  Defense                  Time % Phy DF OF 
 1 Klas Dahlbeck            Brandon Davidson         60     1   2  2  
 2 Scott Mayfield           Seth Helgeson            40     1   2  2  

Penalty Kill - 3 Players Forward 
   Forward                                           Time % Phy DF OF 
 1 Greg McKegg                                       60     1   2  2  
 2 Garret Ross                                       40     1   2  2  

Penalty Kill - 3 Players Defense
   Defense                  Defense                  Time % Phy DF OF 
 1 Klas Dahlbeck            Brandon Davidson         60     1   2  2  
 2 Scott Mayfield           Seth Helgeson            40     1   2  2  

4 vs 4 Forward 
   Center                   Wing                     Time % Phy DF OF 
 1 Greg McKegg              Garret Ross              60     1   2  2  
 2 Daniil Tarasov           Rylan Schwartz           40     1   2  2  

4 vs 4 Defense
   Defense                  Defense                  Time % Phy DF OF 
 1 Klas Dahlbeck            Brandon Davidson         60     1   2  2  
 2 Scott Mayfield           Seth Helgeson            40     1   2  2  

Last Minutes Offensive
   Center                   Left Wing                Right Wing               Defense                  Defense                  
   Greg McKegg              Garret Ross              Daniil Tarasov           Klas Dahlbeck            Brandon Davidson         

Last Minutes Defensive
   Center                   Left Wing                Right Wing               Defense                  Defense                  
   Greg McKegg              Garret Ross              Daniil Tarasov           Klas Dahlbeck            Brandon Davidson         

Goaltenders
Starting : Nathan Lieuwen           
Backup : Kristers Gudlevskis      

Extra Forwards
Normal : Colin Smith, Michael Schumacher, Riley Wetmore - PP : Colin Smith, Michael Schumacher - PK : Riley Wetmore
Extra Defensemen
Normal : Rasmus Rissanen, Joel Edmundson, Klas Dahlbeck - PP : Rasmus Rissanen - PK : Joel Edmundson, Klas Dahlbeck
Penalty Shots
Greg McKegg, Garret Ross, Daniil Tarasov, Rylan Schwartz, Colin Smith

% Time on Ice - Rampage

Lines # - Real PCT - Wanted PCT - Time Play
Normal Forward
1 - 21% - 35% - 11:35
2 - 35% - 30% - 18:47
3 - 23% - 22% - 12:25
4 - 21% - 13% - 11:14
Normal Defense
1 - 37% - 35% - 19:53
2 - 24% - 30% - 13:03
3 - 15% - 22% - 8:02
4 - 24% - 13% - 13:03
PP Forward
1 - 52% - 60% - 3:05
2 - 48% - 40% - 2:54
PP Defense
1 - 61% - 60% - 3:39
2 - 39% - 40% - 2:20
PK Forward
1 - 0% - 60%
2 - 0% - 40%
PK Defense
1 - 0% - 60%
2 - 0% - 40%
PK3 Forward
1 - 0% - 60%
2 - 0% - 40%
PK3 Defense
1 - 0% - 60%
2 - 0% - 40%
44 Forward
1 - 0% - 60%
2 - 0% - 40%
44 Defense
1 - 0% - 60%
2 - 0% - 40%
Last Minute Offensive  - 0:00
Last Minute Defensive  - 0:00
Total
Forward - 60:00
Defense - 60:00

% Time on Ice - Ice Caps

Lines # - Real PCT - Wanted PCT - Time Play
Normal Forward
1 - 29% - 35% - 15:52
2 - 29% - 30% - 15:33
3 - 29% - 22% - 15:33
4 - 13% - 13% - 7:03
Normal Defense
1 - 33% - 35% - 17:43
2 - 33% - 30% - 17:35
3 - 29% - 22% - 15:38
4 - 6% - 13% - 3:05
PP Forward
1 - 0% - 60%
2 - 0% - 40%
PP Defense
1 - 0% - 60%
2 - 0% - 40%
PK Forward
1 - 84% - 60% - 5:03
2 - 16% - 40% - 0:56
PK Defense
1 - 63% - 60% - 3:46
2 - 37% - 40% - 2:13
PK3 Forward
1 - 0% - 60%
2 - 0% - 40%
PK3 Defense
1 - 0% - 60%
2 - 0% - 40%
44 Forward
1 - 0% - 60%
2 - 0% - 40%
44 Defense
1 - 0% - 60%
2 - 0% - 40%
Last Minute Offensive  - 0:00
Last Minute Defensive  - 0:00
Total
Forward - 60:00
Defense - 60:00

Play by Play

1st period


0:01 of 1st period - Greg McKegg wins face-off versus Mikael Samuelsson in neutral zone.
0:32 of 1st period - Snap shot by Mikael Samuelsson.
0:32 of 1st period - Shot Misses the Net.
0:34 of 1st period - Slapshot by Nick Tuzzolino.
0:34 of 1st period - Shot Blocked by Klas Dahlbeck.
0:36 of 1st period - Wrist shot by Matt Puempel.
0:36 of 1st period - Shot Misses the Net.
0:42 of 1st period - Minor Penalty to Daniil Tarasov for Tripping.
0:43 of 1st period - John Persson wins face-off versus Greg McKegg in Ice Caps zone.
1:05 of 1st period - Wrist shot by John Persson.
1:05 of 1st period - Stopped by Nathan Lieuwen with a rebound.
1:34 of 1st period - Snap shot by Klas Dahlbeck.
1:34 of 1st period - Stopped by Mike Murphy with a rebound.
1:48 of 1st period - Snap shot by Riley Wetmore.
1:48 of 1st period - Stopped by Mike Murphy with a rebound.
2:25 of 1st period - Matt Puempel is hit by Brandon Davidson and loses puck.
2:42 of 1st period - Penalty to Daniil Tarasov is over, Daniil Tarasov is back on ice.
3:11 of 1st period - Charles-Olivier Roussel is hit by Michael Schumacher and loses puck.
3:32 of 1st period - Snap shot by Rylan Schwartz.
3:32 of 1st period - Deflect By Corey Cowick.
3:32 of 1st period - Goal by Corey Cowick - Rampage : 0 - Ice Caps : 1.
3:33 of 1st period - Calle Jarnkrok wins face-off versus Rylan Schwartz in neutral zone.
5:46 of 1st period - Scott Mayfield is hit by Matt Puempel and loses puck.
6:37 of 1st period - Icing by Matt D'Agostini.
6:38 of 1st period - Matt D'Agostini wins face-off versus Greg McKegg in Rampage zone.
7:10 of 1st period - Off-side.
7:11 of 1st period - Calle Jarnkrok wins face-off versus Rylan Schwartz in neutral zone.
7:38 of 1st period - Calle Jarnkrok is hit by Colin Smith and loses puck.
7:51 of 1st period - Snap shot by Daniil Tarasov.
7:51 of 1st period - Shot Misses the Net.
7:53 of 1st period - Slapshot by Garret Ross.
7:53 of 1st period - Deflect By Daniil Tarasov.
7:53 of 1st period - Deflect By Calle Jarnkrok.
7:53 of 1st period - Stopped by Mike Murphy with a rebound.
8:44 of 1st period - Snap shot by Michael Schumacher.
8:44 of 1st period - Stopped by Mike Murphy with a rebound.
8:46 of 1st period - Slapshot by Joel Edmundson.
8:46 of 1st period - Shot Misses the Net.
8:48 of 1st period - Snap shot by Joel Edmundson.
8:48 of 1st period - Deflect By Colin Smith.
8:48 of 1st period - Stopped by Mike Murphy with a rebound.
8:50 of 1st period - Slapshot by Rasmus Rissanen.
8:50 of 1st period - Shot Blocked by Charles-Olivier Roussel.
9:46 of 1st period - Danny Kristo is hit by Seth Helgeson and loses puck.
10:01 of 1st period - Riley Wetmore is hit by Eric Boulton and loses puck.
10:23 of 1st period - John Persson is hit by Klas Dahlbeck and loses puck.
10:42 of 1st period - Corey Cowick is hit by Matt Puempel and loses puck.
11:46 of 1st period - Wrist shot by Colin Smith.
11:46 of 1st period - Stopped by Mike Murphy without a rebound.
11:47 of 1st period - Colin Smith wins face-off versus Ryan Potulny in Rampage zone.
12:08 of 1st period - Slapshot by Mikael Samuelsson.
12:08 of 1st period - Shot Misses the Net.
13:01 of 1st period - Michael Schumacher is hit by Eric Boulton and loses puck.
13:08 of 1st period - Colin Smith is hit by Eric Boulton and loses puck.
13:52 of 1st period - Nick Tuzzolino is hit by Rylan Schwartz and loses puck.
13:58 of 1st period - Off-side.
13:59 of 1st period - Rylan Schwartz wins face-off versus Calle Jarnkrok in neutral zone.
14:42 of 1st period - Nick Tuzzolino is hit by Scott Mayfield and loses puck.
15:13 of 1st period - Danny Kristo is hit by Michael Schumacher and loses puck.
17:05 of 1st period - Danny Kristo is hit by Michael Schumacher and loses puck.
17:42 of 1st period - Snap shot by Mikael Samuelsson.
17:42 of 1st period - Shot Blocked by Cody Beach.
17:44 of 1st period - Slapshot by Mikael Samuelsson.
17:44 of 1st period - Stopped by Nathan Lieuwen with a rebound.
17:46 of 1st period - Slapshot by Adam Almquist.
17:46 of 1st period - Stopped by Nathan Lieuwen with a rebound.
17:48 of 1st period - Wrist shot by Mikael Samuelsson.
17:48 of 1st period - Shot Misses the Net.
18:54 of 1st period - Snap shot by Mikael Samuelsson.
18:54 of 1st period - Stopped by Nathan Lieuwen with a rebound.
18:58 of 1st period - Snap shot by Mikael Samuelsson.
18:58 of 1st period - Stopped by Nathan Lieuwen with a rebound.
19:02 of 1st period - Wrist shot by Mikael Samuelsson.
19:02 of 1st period - Stopped by Nathan Lieuwen without a rebound.
19:03 of 1st period - Colin Smith wins face-off versus Ryan Potulny in Ice Caps zone.
19:03 of 1st period - Colin Smith is hit by Will O'Neill.
Goals for this period are 0 for Rampage vs 1 for Ice Caps.
Shots for this period are 6 for Rampage vs 7 for Ice Caps.

2nd period


0:01 of 2nd period - Greg McKegg wins face-off versus Mikael Samuelsson in neutral zone.
0:59 of 2nd period - Rasmus Rissanen is hit by Martin Frk and loses puck.
1:04 of 2nd period - Slapshot by Andrei Loktionov.
1:04 of 2nd period - Shot Misses the Net.
1:06 of 2nd period - Snap shot by Calle Jarnkrok.
1:06 of 2nd period - Stopped by Nathan Lieuwen with a rebound.
1:08 of 2nd period - Wrist shot by Calle Jarnkrok.
1:08 of 2nd period - Stopped by Nathan Lieuwen without a rebound.
1:09 of 2nd period - Colin Smith wins face-off versus Matt D'Agostini in Ice Caps zone.
1:14 of 2nd period - Eric Boulton is hit by Rasmus Rissanen and loses puck.
2:50 of 2nd period - Andrey Pedan is hit by Garret Ross and loses puck.
2:59 of 2nd period - Wrist shot by Daniil Tarasov.
2:59 of 2nd period - Deflect By Garret Ross.
2:59 of 2nd period - Stopped by Mike Murphy with a rebound.
3:37 of 2nd period - Rylan Schwartz is hit by Martin Frk and loses puck.
3:50 of 2nd period - Calle Jarnkrok is hit by Rylan Schwartz and loses puck.
7:05 of 2nd period - Snap shot by Mikael Samuelsson.
7:05 of 2nd period - Stopped by Nathan Lieuwen with a rebound.
7:11 of 2nd period - Wrist shot by Mikael Samuelsson.
7:11 of 2nd period - Stopped by Nathan Lieuwen with a rebound.
7:30 of 2nd period - Andrei Loktionov is hit by Rylan Schwartz and loses puck.
8:01 of 2nd period - Michael Schumacher is hit by Andrey Pedan and loses puck.
8:08 of 2nd period - Michael Schumacher is hit by Martin Frk and loses puck.
8:31 of 2nd period - Kory Nagy is hit by Danny Kristo and loses puck.
10:24 of 2nd period - Matt Puempel is hit by Corey Cowick and loses puck.
10:47 of 2nd period - Keith Aulie is hit by Daniil Tarasov and loses puck.
10:56 of 2nd period - Scott Mayfield is hit by Eric Boulton and loses puck.
11:14 of 2nd period - Icing by Danny Kristo.
11:15 of 2nd period - Greg McKegg wins face-off versus John Persson in Rampage zone.
11:22 of 2nd period - Snap shot by Garret Ross.
11:22 of 2nd period - Shot Misses the Net.
11:24 of 2nd period - Slapshot by Garret Ross.
11:24 of 2nd period - Shot Misses the Net.
11:26 of 2nd period - Slapshot by Brandon Davidson.
11:26 of 2nd period - Stopped by Mike Murphy without a rebound.
11:27 of 2nd period - Mikael Samuelsson wins face-off versus Greg McKegg in Rampage zone.
11:40 of 2nd period - Wrist shot by Matt Puempel.
11:40 of 2nd period - Shot Blocked by Brandon Davidson.
12:58 of 2nd period - Slapshot by Riley Wetmore.
12:58 of 2nd period - Shot Blocked by Ryan Potulny.
13:46 of 2nd period - Charles-Olivier Roussel is hit by Kory Nagy and loses puck.
14:44 of 2nd period - Daniil Tarasov is hit by Nick Tuzzolino and loses puck.
15:22 of 2nd period - Slapshot by Corey Cowick.
15:22 of 2nd period - Shot Blocked by Calle Jarnkrok.
15:24 of 2nd period - Slapshot by Seth Helgeson.
15:24 of 2nd period - Deflect By Rylan Schwartz.
15:24 of 2nd period - Shot Blocked by Andrey Pedan.
15:24 of 2nd period - Puck is out of play.
15:25 of 2nd period - Rylan Schwartz wins face-off versus Matt D'Agostini in Rampage zone.
15:36 of 2nd period - Wrist shot by Matt D'Agostini.
15:36 of 2nd period - Deflect By Colin Smith.
15:36 of 2nd period - Stopped by Nathan Lieuwen with a rebound.
15:38 of 2nd period - Snap shot by Martin Frk.
15:38 of 2nd period - Stopped by Nathan Lieuwen with a rebound.
16:35 of 2nd period - Snap shot by Daniil Tarasov.
16:35 of 2nd period - Shot Misses the Net.
16:37 of 2nd period - Snap shot by Garret Ross.
16:37 of 2nd period - Goal by Garret Ross - Rampage : 0 - Ice Caps : 2.
16:38 of 2nd period - Colin Smith wins face-off versus Andrei Loktionov in neutral zone.
16:43 of 2nd period - Wrist shot by Colin Smith.
16:43 of 2nd period - Stopped by Mike Murphy with a rebound.
16:45 of 2nd period - Slapshot by Klas Dahlbeck.
16:45 of 2nd period - Deflect By Cody Beach.
16:45 of 2nd period - Stopped by Mike Murphy with a rebound.
16:48 of 2nd period - Icing by Will O'Neill.
16:49 of 2nd period - Calle Jarnkrok wins face-off versus Colin Smith in Rampage zone.
16:57 of 2nd period - Icing by Michael Schumacher.
16:58 of 2nd period - Colin Smith wins face-off versus Calle Jarnkrok in Ice Caps zone.
17:46 of 2nd period - Matt Puempel is hit by Rylan Schwartz and loses puck.
17:58 of 2nd period - Minor Penalty to Cody Beach for Holding.
17:59 of 2nd period - Greg McKegg wins face-off versus Matt D'Agostini in Ice Caps zone.
19:07 of 2nd period - John Persson is hit by Riley Wetmore and loses puck.
19:22 of 2nd period - Ryan Potulny is hit by Greg McKegg and loses puck.
19:58 of 2nd period - Penalty to Cody Beach is over, Cody Beach is back on ice.
19:59 of 2nd period - Snap shot by Rylan Schwartz.
19:59 of 2nd period - Stopped by Mike Murphy without a rebound.
Goals for this period are 0 for Rampage vs 1 for Ice Caps.
Shots for this period are 6 for Rampage vs 6 for Ice Caps.

3rd period


0:01 of 3rd period - Greg McKegg wins face-off versus Mikael Samuelsson in neutral zone.
0:04 of 3rd period - Matt Puempel is hit by Scott Mayfield and loses puck.
0:25 of 3rd period - Slapshot by Daniil Tarasov.
0:25 of 3rd period - Shot Blocked by Andrey Pedan.
0:43 of 3rd period - Minor Penalty to Daniil Tarasov for Tripping.
0:44 of 3rd period - John Persson wins face-off versus Greg McKegg in Ice Caps zone.
0:45 of 3rd period - Wrist shot by Mikael Samuelsson.
0:45 of 3rd period - Goal by Mikael Samuelsson - Rampage : 1 - Ice Caps : 2.
0:46 of 3rd period - Corey Cowick wins face-off versus Mikael Samuelsson in neutral zone.
1:20 of 3rd period - Corey Cowick is hit by Matt D'Agostini and loses puck.
1:33 of 3rd period - Backhand shot by Daniil Tarasov.
1:33 of 3rd period - Goal by Daniil Tarasov - Rampage : 1 - Ice Caps : 3.
1:34 of 3rd period - Martin Frk wins face-off versus Greg McKegg in neutral zone.
1:47 of 3rd period - Snap shot by Daniil Tarasov.
1:47 of 3rd period - Stopped by Mike Murphy with a rebound.
1:49 of 3rd period - Slapshot by Daniil Tarasov.
1:49 of 3rd period - Stopped by Mike Murphy with a rebound.
2:18 of 3rd period - Icing by Will O'Neill.
2:19 of 3rd period - Calle Jarnkrok wins face-off versus Colin Smith in Rampage zone.
2:50 of 3rd period - Slapshot by Michael Schumacher.
2:50 of 3rd period - Shot Misses the Net.
2:52 of 3rd period - Snap shot by Michael Schumacher.
2:52 of 3rd period - Shot Blocked by Calle Jarnkrok.
2:54 of 3rd period - Wrist shot by Michael Schumacher.
2:54 of 3rd period - Deflect By Cody Beach.
2:54 of 3rd period - Stopped by Mike Murphy with a rebound.
2:56 of 3rd period - Snap shot by Colin Smith.
2:56 of 3rd period - Stopped by Mike Murphy with a rebound.
3:06 of 3rd period - Seth Helgeson is hit by Nick Tuzzolino and loses puck.
3:13 of 3rd period - Calle Jarnkrok is hit by Seth Helgeson.
3:27 of 3rd period - Andrey Pedan beats up Seth Helgeson.
3:27 of 3rd period - Penalty to Seth Helgeson for Fighting.
3:27 of 3rd period - Penalty to Andrey Pedan for Fighting.
3:28 of 3rd period - Greg McKegg wins face-off versus Mikael Samuelsson in Ice Caps zone.
3:56 of 3rd period - Wrist shot by Daniil Tarasov.
3:56 of 3rd period - Shot Blocked by Adam Almquist.
3:58 of 3rd period - Wrist shot by Garret Ross.
3:58 of 3rd period - Stopped by Mike Murphy with a rebound.
4:00 of 3rd period - Slapshot by Klas Dahlbeck.
4:00 of 3rd period - Stopped by Mike Murphy with a rebound.
4:02 of 3rd period - Slapshot by Brandon Davidson.
4:02 of 3rd period - Shot Blocked by Charles-Olivier Roussel.
4:04 of 3rd period - Slapshot by Brandon Davidson.
4:04 of 3rd period - Stopped by Mike Murphy with a rebound.
4:27 of 3rd period - Mikael Samuelsson is hit by Brandon Davidson and loses puck.
5:57 of 3rd period - Klas Dahlbeck is hit by Danny Kristo and loses puck.
6:04 of 3rd period - Slapshot by Daniil Tarasov.
6:04 of 3rd period - Shot Misses the Net.
6:06 of 3rd period - Wrist shot by Greg McKegg.
6:06 of 3rd period - Shot Misses the Net.
6:08 of 3rd period - Snap shot by Klas Dahlbeck.
6:08 of 3rd period - Stopped by Mike Murphy with a rebound.
6:20 of 3rd period - Snap shot by Riley Wetmore.
6:20 of 3rd period - Stopped by Mike Murphy with a rebound.
6:35 of 3rd period - Danny Kristo is hit by Rylan Schwartz and loses puck.
6:46 of 3rd period - Snap shot by Rylan Schwartz.
6:46 of 3rd period - Shot Misses the Net.
6:48 of 3rd period - Snap shot by Rylan Schwartz.
6:48 of 3rd period - Shot Blocked by Will O'Neill.
7:35 of 3rd period - Snap shot by Matt D'Agostini.
7:35 of 3rd period - Stopped by Nathan Lieuwen with a rebound.
7:37 of 3rd period - Slapshot by Will O'Neill.
7:37 of 3rd period - Shot Blocked by Scott Mayfield.
7:39 of 3rd period - Slapshot by Keith Aulie.
7:39 of 3rd period - Shot Blocked by Scott Mayfield.
7:46 of 3rd period - Icing by Scott Mayfield.
7:47 of 3rd period - Calle Jarnkrok wins face-off versus Greg McKegg in Ice Caps zone.
7:54 of 3rd period - Snap shot by Calle Jarnkrok.
7:54 of 3rd period - Shot Blocked by Drew Olson.
7:56 of 3rd period - Slapshot by Andrei Loktionov.
7:56 of 3rd period - Stopped by Nathan Lieuwen without a rebound.
7:57 of 3rd period - Rylan Schwartz wins face-off versus Calle Jarnkrok in Ice Caps zone.
8:16 of 3rd period - Minor Penalty to Kory Nagy for Tripping.
8:17 of 3rd period - Greg McKegg wins face-off versus John Persson in Ice Caps zone.
8:27 of 3rd period - Penalty to Seth Helgeson is over, Seth Helgeson is back on ice.
8:39 of 3rd period - Wrist shot by Garret Ross.
8:39 of 3rd period - Shot Misses the Net.
9:50 of 3rd period - Scott Mayfield is hit by John Persson and loses puck.
10:07 of 3rd period - Snap shot by Matt D'Agostini.
10:07 of 3rd period - Stopped by Nathan Lieuwen with a rebound.
10:11 of 3rd period - Snap shot by Matt D'Agostini.
10:11 of 3rd period - Stopped by Nathan Lieuwen with a rebound.
10:13 of 3rd period - Slapshot by Nick Tuzzolino.
10:13 of 3rd period - Shot Misses the Net.
10:16 of 3rd period - Penalty to Kory Nagy is over, Kory Nagy is back on ice.
10:33 of 3rd period - Slapshot by Michael Schumacher.
10:33 of 3rd period - Stopped by Mike Murphy without a rebound.
10:34 of 3rd period - Calle Jarnkrok wins face-off versus Colin Smith in Rampage zone.
10:59 of 3rd period - Joel Edmundson is hit by Andrey Pedan and loses puck.
12:01 of 3rd period - Brandon Davidson is hit by Charles-Olivier Roussel and loses puck.
12:13 of 3rd period - Scott Mayfield is hit by Matt Puempel and loses puck.
12:17 of 3rd period - Icing by Scott Mayfield.
12:18 of 3rd period - Calle Jarnkrok wins face-off versus Riley Wetmore in Ice Caps zone.
12:25 of 3rd period - Wrist shot by Andrei Loktionov.
12:25 of 3rd period - Stopped by Nathan Lieuwen without a rebound.
12:26 of 3rd period - Andrei Loktionov wins face-off versus Colin Smith in Ice Caps zone.
12:49 of 3rd period - Will O'Neill is hit by Klas Dahlbeck and loses puck.
13:12 of 3rd period - Corey Cowick is hit by John Persson.
13:56 of 3rd period - Wrist shot by Daniil Tarasov.
13:56 of 3rd period - Stopped by Mike Murphy with a rebound.
14:02 of 3rd period - Snap shot by Garret Ross.
14:02 of 3rd period - Shot Misses the Net.
14:52 of 3rd period - Snap shot by Danny Kristo.
14:52 of 3rd period - Shot Blocked by Joel Edmundson.
15:20 of 3rd period - Snap shot by Riley Wetmore.
15:20 of 3rd period - Stopped by Mike Murphy with a rebound.
15:22 of 3rd period - Wrist shot by Daniil Tarasov.
15:22 of 3rd period - Shot Misses the Net.
15:24 of 3rd period - Snap shot by Daniil Tarasov.
15:24 of 3rd period - Deflect By Matt D'Agostini.
15:24 of 3rd period - Shot Misses the Net.
15:24 of 3rd period - Puck is out of play.
15:25 of 3rd period - Calle Jarnkrok wins face-off versus Riley Wetmore in Rampage zone.
15:25 of 3rd period - Calle Jarnkrok is hit by Brandon Davidson.
16:03 of 3rd period - Snap shot by Mikael Samuelsson.
16:03 of 3rd period - Stopped by Nathan Lieuwen with a rebound.
16:31 of 3rd period - Colin Smith is hit by Nick Tuzzolino and loses puck.
17:10 of 3rd period - Wrist shot by Andrei Loktionov.
17:10 of 3rd period - Shot Misses the Net.
17:30 of 3rd period - Adam Almquist is hit by Seth Helgeson and loses puck.
17:37 of 3rd period - Slapshot by Daniil Tarasov.
17:37 of 3rd period - Goal by Daniil Tarasov - Rampage : 1 - Ice Caps : 4.
17:38 of 3rd period - Colin Smith wins face-off versus Matt D'Agostini in neutral zone.
18:19 of 3rd period - Snap shot by Andrei Loktionov.
18:19 of 3rd period - Shot Misses the Net.
18:21 of 3rd period - Snap shot by Nick Tuzzolino.
18:21 of 3rd period - Shot Misses the Net.
18:25 of 3rd period - Snap shot by Calle Jarnkrok.
18:25 of 3rd period - Stopped by Nathan Lieuwen with a rebound.
18:27 of 3rd period - Wrist shot by Calle Jarnkrok.
18:27 of 3rd period - Stopped by Nathan Lieuwen with a rebound.
18:42 of 3rd period - Snap shot by John Persson.
18:42 of 3rd period - Shot Misses the Net.
18:44 of 3rd period - Slapshot by Charles-Olivier Roussel.
18:44 of 3rd period - Stopped by Nathan Lieuwen with a rebound.
18:46 of 3rd period - Backhand shot by Keith Aulie.
18:46 of 3rd period - Stopped by Nathan Lieuwen without a rebound.
18:47 of 3rd period - Greg McKegg wins face-off versus Ryan Potulny in Ice Caps zone.
19:22 of 3rd period - Snap shot by Mikael Samuelsson.
19:22 of 3rd period - Stopped by Nathan Lieuwen with a rebound.
19:34 of 3rd period - Snap shot by John Persson.
19:34 of 3rd period - Shot Misses the Net.
19:51 of 3rd period - Martin Frk is hit by Colin Smith and loses puck.
Goals for this period are 1 for Rampage vs 2 for Ice Caps.
Shots for this period are 12 for Rampage vs 14 for Ice Caps.


Output by the SimonT Hockey Simulator (STHS) for Eric Dolegowski -- Original Page W3C XHTML 1.0 Valid
Hockey Simulator - Hockey Simulation - Hockey Manager